 Dungeon Crawl Stone Soup version 0.16.1-28-gcc2312f (webtiles) character file.

21 tarec the Unweaver (level 2, -2/24 HPs)
             Began as a Demonspawn Abyssal Knight on May 28, 2015.
             Was a Follower of Lugonu.
             Slain by an adder (4 damage)
             ... on level 2 of the Dungeon.
             The game lasted 00:05:06 (921 turns).

tarec the Unweaver (Demonspawn Abyssal Knight)       Turns: 921, Time: 00:05:06

Health: -2/24      AC:  3    Str: 12    XL:     2   Next: 65%
Magic:  4/4        EV: 11    Int: 13    God:    Lugonu [*.....]
Gold:   33         SH:  0    Dex: 12    Spells: 0 memorised, 1 level left

rFire  + . .     SeeInvis .     e - +1 mace (drain)
rCold  . . .     Clarity  .     b - +0 leather armour
rNeg   . . .     SustAb   .     (no shield)
rPois  .         Gourm    .     (no helmet)
rElec  .         Spirit   .     (no cloak)
rCorr  .         Warding  .     (no gloves)
rMut   .         Stasis   .     (no boots)
MR     .....                    (no amulet)
Stlth  +.........               l - ring of flight
                                g - ring of protection from fire

@: not resistant to hostile enchantments, very unstealthy
A: talons 1
a: Depart the Abyss, Renounce Religion, Evoke Flight


You were on level 2 of the Dungeon.
You worshipped Lugonu.
Lugonu was aware of your devotion.
You were not hungry.

You visited 1 branch of the dungeon, and saw 2 of its levels.
You visited the Abyss 1 time.

You collected 33 gold pieces.

Inventory:

Hand weapons
 a - a +1 falchion
 e - a +1 mace of draining (weapon)
Armour
 b - a +0 leather armour (worn)
Jewellery
 g - a ring of protection from fire (left hand)
 l - a ring of flight (right hand)
Scrolls
 d - 2 scrolls of noise {unknown}
 i - a scroll of immolation {unknown}
Potions
 h - a potion of brilliance {unknown}
 j - a potion of cure mutation {unknown}
 k - a potion of magic {unknown}
Comestibles
 c - 2 bread rations
 f - 2 slices of pizza


   Skills:
 - Level 3.0 Fighting
 - Level 1.7 Long Blades
 + Level 0.8 Maces & Flails
 - Level 1.7 Armour
 - Level 0.8 Dodging
 + Level 3.9 Invocations


You had one spell level left.
You didn't know any spells.

Dungeon Overview and Level Annotations

Branches:
Dungeon (2/15)

Altars:


Innate Abilities, Weirdness & Mutations

You have sharp toenails.


Message History

The hobgoblin shouts!
The giant gecko barely misses you.
Found a stone staircase leading down.
You see here a dagger.
You closely miss the hobgoblin.
You claw the hobgoblin, but do no damage.
The giant gecko completely misses you.
The giant cockroach bites you but does no damage.
The adder closely misses you. The hobgoblin barely misses you.
The giant gecko completely misses you. The giant cockroach misses you.
The adder bites you. The hobgoblin hits you.
* * * LOW HITPOINT WARNING * * *
The giant cockroach bites you but does no damage.
The adder bites you.
* * * LOW HITPOINT WARNING * * *
The adder barely misses you.
Found a glowing war axe.
The adder bites you.
You die...

... #....... ##
#........ ...#
#........ .....##
#......... ...)...
>......... .<...
.... ....
#..####.##......
#.@Slg)...##...
#..##s..........
....##............
....##
#.<...##.#..
.............# ...
...####.....# #.
#.....# #....##
#.#...


You could see an adder, a giant gecko, a giant cockroach and a hobgoblin.

Vanquished Creatures
  An ooze (D:1)
  A ball python (D:1)
  6 goblins
  A hobgoblin (D:1)
  2 kobolds (D:1)
  2 giant cockroaches (D:1)
  2 giant newts (D:1)
  5 rats (D:1)
20 creatures vanquished.

Vanquished Creatures (others)
  A starspawn tentacle (Abyss:1)
  A starspawn tentacle segment (Abyss:1)
2 creatures vanquished.

Grand Total: 22 creatures vanquished

Notes
Turn   | Place    | Note
--------------------------------------------------------------
     0 | Abyss:1  | tarec, the Demonspawn Abyssal Knight, began the quest for the Orb.
     0 | Abyss:1  | Reached XP level 1. HP: 18/18 MP: 1/1
     3 | Abyss:1  | Found a corrupted altar of Lugonu.
    40 | Abyss:1  | Noticed a tentacled starspawn
    42 | D:1      | Escaped the Abyss
   162 | D:1      | Acquired Lugonu's first power
   165 | D:1      | Gained mutation: You have sharp toenails. [demonic ancestry]
   165 | D:1      | Reached XP level 2. HP: 13/24 MP: 4/4
   921 | D:2      | Slain by an adder

Action                   || total
-------------------------++-------
Melee: Mace              ||    54
       Falchion          ||     2
Invok: Depart the Abyss  ||     1
